 Dungeon Crawl Stone Soup version 0.31-a0-868-g674d60d6f7 (webtiles) character file.

Game seed: 974674989488099380

11806 croobank the Grappler (level 11, -3/84 HPs)
             Began as a Gnoll Shapeshifter on Oct 11, 2023.
             Was an Initiate of Gozag.
             Slain by a slime creature (9 damage)
             ... on level 12 of the Dungeon.
             The game lasted 00:40:56 (13365 turns).

croobank the Grappler (Gnoll Shapeshifter)         Turns: 13365, Time: 00:40:57

Health: -3/84      AC: 10    Str: 13    XL:     11   Next: 83%
Magic:  21/21      EV: 13    Int: 15    God:    Gozag
Gold:   1408       SH:  0    Dex: 11    Spells: 12/23 levels left

rFire   . .          .
                       - Unarmed
rCold   + . .        (no shield)
rNeg    + . .        j - +4 ring mail {rPois}
rPois   +            (helmet currently unavailable)
rElec   .            (cloak currently unavailable)
rCorr   .            (gloves currently unavailable)
SInv    .            (boots currently unavailable)
Will    .....        (no amulet)
Stlth   +++          f - ring of protection from cold
HPRegen 0.34/turn    a - ring of positive energy
MPRegen 0.17/turn

%: no passive effects
@: beast-form, gold aura
A: beast (slay +4), fangs 1, strong nose, distributed training
a: Begin Untransformation, Renounce Religion, Potion Petition, Call Merchant,
Bribe Branch


You were on level 12 of the Dungeon.
You worshipped Gozag.
Gozag was most pleased with you.
You were a hulking beast.
You visited 1 branch of the dungeon, and saw 12 of its levels.

You collected 2131 gold pieces.
You spent 630 gold pieces at shops.
You paid 93 gold pieces to Gozag.

Inventory:

Hand Weapons
 b - the +4 shortbow of Boicos {speed, rC+ rCorr}
   (You bought it in a shop on level 5 of the Dungeon)

   rC+:       It protects you from cold.
   rCorr:     It protects you from acid and corrosion.
 z - a +4 scimitar of flaming
 B - a +0 war axe
 C - a +1 hand axe of flaming
 H - a +2 hammer of holy wrath
 L - a +1 long sword of draining
 V - a +5 trident of freezing
 Y - a +2 dagger
 Z - a +2 morningstar
Missiles
 k - 32 poisoned darts
 m - 25 boomerangs
 M - 2 throwing nets
Armour
 j - a +4 ring mail of poison resistance (worn)
 o - a +0 pair of gloves
 E - a +0 buckler
 F - +0 swamp dragon scales
 G - a +2 robe of resistance
 J - a +0 cloak of preservation
 S - a +2 pair of boots
Magical Staves
 n - a staff of cold
 A - a staff of conjuration
 O - a staff of poison
Jewellery
 a - a ring of positive energy (right hand)
 f - a ring of protection from cold (left hand)
 w - a ring of poison resistance
Talismans
 c - a beast talisman (active)
 d - a flux talisman
 p - a storm talisman
 T - a maw talisman
Wands
 q - a wand of paralysis (22)
 r - a wand of flame (73)
 u - a wand of mindburst (1)
 v - a wand of roots (6)
 I - a wand of digging (1)
 N - a wand of quicksilver (1)
 Q - a wand of polymorph (3)
Scrolls
 h - 5 scrolls of teleportation
 t - 2 scrolls of noise
 U - a scroll of fear
Potions
 e - 3 potions of curing
 g - a potion of cancellation
 i - 2 potions of enlightenment
 l - 3 potions of magic
 s - 2 potions of attraction
 K - a potion of lignification
 P - 4 potions of mutation
 R - 2 potions of resistance
 W - 2 potions of brilliance
 X - a potion of might


   Skills:
 + Level 7.3 Fighting
 + Level 6.8 Short Blades
 + Level 6.8 Long Blades
 + Level 6.8 Axes
 + Level 6.8 Maces & Flails
 + Level 6.8 Polearms
 + Level 6.8 Staves
 + Level 6.8 Ranged Weapons
 + Level 6.8 Throwing
 + Level 6.8 Armour
 + Level 8.3 Dodging
 + Level 6.8 Stealth
 + Level 6.8 Shields
 + Level 9.5 Unarmed Combat
 + Level 6.8 Spellcasting
 + Level 5.6 Conjurations
 + Level 5.6 Hexes
 + Level 5.6 Summonings
 + Level 5.6 Necromancy
 + Level 5.6 Translocations
 + Level 5.6 Transmutations
 + Level 5.6 Fire Magic
 + Level 5.6 Ice Magic
 + Level 5.6 Air Magic
 + Level 5.6 Earth Magic
 + Level 5.6 Poison Magic
 + Level 7.4 Invocations
 + Level 6.8 Evocations
 + Level 9.1 Shapeshifting


You had 12 spell levels left.
You knew the following spells:

 Your Spells              Type           Power      Damage    Failure   Level
a - Summon Small Mammal   Summ           88%        N/A       2%          1
b - Call Imp              Summ           44%        N/A       3%          2
c - Call Canine Familiar  Summ           22%        N/A       8%          3
d - Summon Guardian Gole  Hex/Summ       22%        N/A       8%          3
m - Magic Dart            Conj           88%        1d7       2%          1
n - Apportation           Tloc           44%        N/A       2%          1

Your spell library contained the following spells:

 Spells                   Type           Power      Damage    Failure   Level
 Necrotise                Necr           88%        1d8       2%          1
 Lesser Beckoning         Tloc           44%        N/A       3%          2
 Scorch                   Fire           44%        2d6       3%          2
 Gell's Gravitas          Tloc           22%        N/A       8%          3
 Mephitic Cloud           Conj/Pois/Air  22%        N/A       8%          3
 Teleport Other           Tloc           22%        N/A       8%          3
 Flame Wave               Conj/Fire      22%        2d8       26%         4
 Arcjolt                  Conj/Air       11%        1d21      56%         5
 Iskenderun's Battlesphe  Conj           22%        2d8       56%         5
 Summon Cactus Giant      Summ           11%        N/A       98%         6
 Death's Door             Necr           11%        N/A       100%        9


Dungeon Overview and Level Annotations

Branches:
Dungeon (12/15)            Temple (0/1) D:7            Lair (0/5) D:10
    Orc (0/2) D:12

Altars:
Dithmenos
Elyvilon
Gozag
Hepliaklqana
Kikubaaqudgha
Makhleb
Nemelex Xobeh
Okawaru
Sif Muna
Vehumet
Wu Jian
Xom
Zin
The Shining One

Shops:
D:5 (   D:7 :   D:9 *

Portals:
Gauntlet: D:12

Annotations:
D:4 2 transporters
D:8 Pikel


Innate Abilities, Weirdness & Mutations

You are a hulking beast.
Your limbs bulge with bestial killing power. (Slay +4)
You have very sharp teeth.
Your uncanny sense of smell can sniff out nearby items.
Your experience applies equally to all skills.


Message History

The slime creature hits you!
* * * LOW HITPOINT WARNING * * *
You feel better.
The slime creature hits you but does no damage.
Throw: 3 darts (atropa)
Press: ? - help, Q - select action, (/) - cycle Shift-Dir - straight line, f - slime creature
Aim: a slime creature (severely wounded, 84% to hit, chance to blind on hit: 27%)
You throw an atropa-tipped dart.
The atropa-tipped dart hits the slime creature!
The slime creature resists.
The slime creature is severely wounded.
The slime creature hits you!
* * * LOW HITPOINT WARNING * * *
You feel better.
The slime creature hits you but does no damage.
Throw: 2 darts (atropa)
Press: ? - help, Q - select action, (/) - cycle Shift-Dir - straight line, f/p - slime creature
Aim: a slime creature (severely wounded, 84% to hit, chance to blind on hit: 27%)
You throw an atropa-tipped dart.
The atropa-tipped dart hits the slime creature!
The slime creature resists.
The slime creature is severely wounded.
The slime creature hits you but does no damage.
Throw: dart (atropa)
Press: ? - help, Q - select action, (/) - cycle Shift-Dir - straight line, f/p - slime creature
Aim: a slime creature (severely wounded, 84% to hit, chance to blind on hit: 27%)
You throw an atropa-tipped dart.
The atropa-tipped dart hits the slime creature!
The slime creature appears confused.
The slime creature is severely wounded.
Okay, then.
You hit the slime creature.
The slime creature is severely wounded.
The slime creature hits you!
* * * LOW HITPOINT WARNING * * *
The slime creature seems less confused.
The slime creature attacks as it pursues you!
The slime creature hits you!
You die...
Your body crumbles into a pile of gold.

**,,,*,,,,,,,..#,,,,*,,,
*****,,*,,,,..#****,***
###########.#,,,,,,,,
#...........#,,,,*,,,
#...........#,,*,,,*,
#∩..........#,,,,,,,,
#...........#.#.,*,,*
#...........#....,,,,
#...h..#....#..#.,,*,
#.$$J..#....#....*,,,
#...(..#....#....,,,,
#>.....#....#########
#......#.............
#......#.......#.....
#......#.<.....#.,...
#......#.......##*+*#
#......#.......#.,,,,


You could see a slime creature.

Vanquished Creatures
  A centaur warrior (D:10)
  Erica (D:9)
  A boulder beetle (D:11)
  Maggie (D:6)
  Jeremiah (D:8)
  A troll (D:11)
  A hornet (D:8)
  5 slime creatures (D:12)
  2 shadows
  4 yaks (D:10)
  A wraith (D:9)
  2 wyverns (D:9)
  A steam dragon (D:8)
  2 vampire mosquitoes (D:11)
  Duvessa (D:6)
  2 ice beasts (D:7)
  2 sky beasts
  4 orc warriors
  An ogre (D:6)
  5 centaurs
  3 kobold brigands
  3 bullfrogs
  2 gnoll sergeants
  A scorpion (D:5)
  10 wights
  Dowan (D:6)
  6 killer bees (D:10)
  4 howler monkeys
  2 hounds
  Crazy Yiuf (D:6)
  2 jellies
  3 orc priests
  An iguana (D:4)
  A sleepcap (D:7)
  13 orc wizards
  Natasha (thrice) (D:4)
  A statue (D:5)
  15 gnolls
  8 adders
  3 shadow imps
  3 white imps
  2 ufetubi (D:4)
  A dart slug (D:4)
  30 orcs
  5 ball pythons
  7 endoplasms
  7 giant cockroaches
  5 goblins
  8 hobgoblins
  4 jackals
  6 quokkas
  8 bats
  3 frilled lizards
  21 kobolds
  10 rats
242 creatures vanquished.

Vanquished Creatures (collateral kills)
  A yak (D:9)
  An orc (D:5)
2 creatures vanquished.

Vanquished Creatures (others)
  A two-headed ogre (D:11)
  2 cyclopes (D:11)
  A wraith (D:11)
  5 yaks (D:9)
  A steam dragon (D:9)
  An acid dragon (D:11)
  A howler monkey (D:11)
  An orc (D:7)
13 creatures vanquished.

Grand Total: 257 creatures vanquished

Notes
Turn   | Place    | Note
-------+----------+-------------------------------------------
     0 | D:1      | croobank the Gnoll Shapeshifter began the quest for the
                  | Orb.
     0 | D:1      | Reached XP level 1. HP: 17/17 MP: 1/1
   205 | D:1      | Reached XP level 2. HP: 19/23 MP: 2/2
   459 | D:1      | Reached XP level 3. HP: 28/28 MP: 3/3
   714 | D:2      | Reached skill level 1 in Invocations
   730 | D:2      | Reached skill level 1 in Short Blades
   730 | D:2      | Reached skill level 1 in Long Blades
   730 | D:2      | Reached skill level 1 in Axes
   730 | D:2      | Reached skill level 1 in Maces & Flails
   730 | D:2      | Reached skill level 1 in Polearms
   730 | D:2      | Reached skill level 1 in Staves
   730 | D:2      | Reached skill level 1 in Ranged Weapons
   730 | D:2      | Reached skill level 1 in Throwing
   730 | D:2      | Reached skill level 1 in Armour
   730 | D:2      | Reached skill level 1 in Stealth
   730 | D:2      | Reached skill level 1 in Shields
   730 | D:2      | Reached skill level 1 in Spellcasting
   730 | D:2      | Reached skill level 1 in Evocations
   854 | D:2      | Learned a level 1 spell: Magic Dart
   891 | D:2      | Reached XP level 4. HP: 34/34 MP: 2/5
  1703 | D:3      | Found an ancient bone altar of Kikubaaqudgha.
  1736 | D:3      | Reached skill level 1 in Conjurations
  1736 | D:3      | Reached skill level 1 in Hexes
  1736 | D:3      | Reached skill level 1 in Summonings
  1736 | D:3      | Reached skill level 1 in Necromancy
  1736 | D:3      | Reached skill level 1 in Translocations
  1736 | D:3      | Reached skill level 1 in Transmutations
  1736 | D:3      | Reached skill level 1 in Fire Magic
  1736 | D:3      | Reached skill level 1 in Ice Magic
  1736 | D:3      | Reached skill level 1 in Air Magic
  1736 | D:3      | Reached skill level 1 in Earth Magic
  1736 | D:3      | Reached skill level 1 in Poison Magic
  1905 | D:3      | Reached XP level 5. HP: 40/40 MP: 5/7
  2064 | D:3      | Got a leatherbound book
  2169 | D:3      | Found an ornate altar of the Wu Jian Council.
  2290 | D:4      | Noticed Natasha
  2295 | D:4      | Killed Natasha
  2314 | D:4      | Noticed a sky beast
  2315 | D:4      | Found a transporter.
  2315 | D:4      | Found a transporter.
  2315 | D:4      | Noticed a yak
  2317 | D:4      | Found a shimmering altar of Xom.
  2368 | D:4      | Found an opulent altar of Gozag.
  2372 | D:4      | Found an opulent altar of Gozag.
  2373 | D:4      | Found an opulent altar of Gozag.
  2377 | D:4      | Became a worshipper of Gozag Ym Sagoz the Greedy
  2390 | D:4      | Found an opulent altar of Gozag.
  2578 | D:4      | Reached XP level 6. HP: 47/47 MP: 8/8
  2615 | D:4      | Noticed Natasha
  2634 | D:4      | Killed Natasha
  2637 | D:4      | Noticed Natasha
  2642 | D:4      | Reached skill level 5 in Dodging
  3616 | D:4      | Killed Natasha
  3642 | D:5      | Entered Level 5 of the Dungeon
  3649 | D:5      | Learned a level 1 spell: Summon Small Mammal
  3652 | D:5      | Learned a level 2 spell: Call Imp
  3685 | D:5      | Reached XP level 7. HP: 50/52 MP: 5/10
  3856 | D:5      | Found a radiant altar of Vehumet.
  3972 | D:5      | Found a white marble altar of Elyvilon.
  4120 | D:5      | Found Sinnip's Weapon Shop.
  4644 | D:5      | Found a burning altar of Makhleb.
  4855 | D:6      | Noticed Maggie
  4884 | D:6      | Killed Maggie
  4885 | D:6      | Reached XP level 8. HP: 30/60 MP: 10/12
  5090 | D:6      | Noticed Dowan
  5101 | D:6      | Noticed Duvessa
  5112 | D:6      | Killed Duvessa
  5115 | D:6      | Killed Dowan
  5414 | D:6      | Identified the +3 rapier "Killer Bee's Foe" {venom, +Blink
                  | rCorr}
  5454 | D:6      | Found a runed translucent door.
  5455 | D:6      | Noticed Crazy Yiuf
  5476 | D:6      | Killed Crazy Yiuf
  6188 | D:7      | Learned a level 1 spell: Apportation
  6209 | D:7      | Found an iron altar of Okawaru.
  6372 | D:7      | Found a staircase to the Ecumenical Temple.
  6455 | D:5      | Bought the +4 shortbow of Boicos {speed, rC+ rCorr} for 534
                  | gold pieces
  6649 | D:7      | Reached XP level 9. HP: 63/66 MP: 14/14
  6681 | D:7      | Found a hazy altar of Hepliaklqana.
  6721 | D:7      | Found Viog's Book Shop.
  6728 | D:7      | Learned a level 3 spell: Call Canine Familiar
  7031 | D:7      | Found a glowing golden altar of the Shining One.
  7473 | D:8      | Noticed Jeremiah
  7477 | D:8      | Noticed Pikel
  7525 | D:8      | Killed Jeremiah
  7526 | D:8      | Reached skill level 5 in Fighting
  7585 | D:8      | Noticed a hornet
  7595 | D:8      | Killed a hornet
  7611 | D:8      | Reached skill level 5 in Invocations
  7857 | D:8      | Found a shimmering blue altar of Sif Muna.
  8536 | D:9      | Reached XP level 10. HP: 75/75 MP: 17/17
  8757 | D:9      | Found Qaled Jos's Assorted Antiques.
  8762 | D:9      | Bought a scroll of identify for 64 gold pieces
  8762 | D:9      | Bought a scroll labelled UHUJILLUHINY for 32 gold pieces
  8770 | D:9      | Learned a level 3 spell: Summon Guardian Golem
  8820 | D:9      | Noticed Erica
  8826 | D:9      | Paralysed by Erica for 4 turns
  8850 | D:9      | Killed Erica
  8851 | D:9      | Reached skill level 5 in Short Blades
  8851 | D:9      | Reached skill level 5 in Long Blades
  8851 | D:9      | Reached skill level 5 in Axes
  8851 | D:9      | Reached skill level 5 in Maces & Flails
  8851 | D:9      | Reached skill level 5 in Polearms
  8851 | D:9      | Reached skill level 5 in Staves
  8851 | D:9      | Reached skill level 5 in Ranged Weapons
  8851 | D:9      | Reached skill level 5 in Throwing
  8851 | D:9      | Reached skill level 5 in Armour
  8851 | D:9      | Reached skill level 5 in Stealth
  8851 | D:9      | Reached skill level 5 in Shields
  8851 | D:9      | Reached skill level 5 in Spellcasting
  8851 | D:9      | Reached skill level 5 in Evocations
  8861 | D:9      | Found a shadowy altar of Dithmenos.
  9276 | D:9      | Found a glowing silver altar of Zin.
  9973 | D:10     | Entered Level 10 of the Dungeon
 10424 | D:10     | Found a sparkling altar of Nemelex Xobeh.
 10432 | D:10     | Reached XP level 11. HP: 83/83 MP: 19/19
 10450 | D:10     | Reached skill level 5 in Conjurations
 10450 | D:10     | Reached skill level 5 in Hexes
 10450 | D:10     | Reached skill level 5 in Summonings
 10450 | D:10     | Reached skill level 5 in Necromancy
 10450 | D:10     | Reached skill level 5 in Translocations
 10450 | D:10     | Reached skill level 5 in Transmutations
 10450 | D:10     | Reached skill level 5 in Fire Magic
 10450 | D:10     | Reached skill level 5 in Ice Magic
 10450 | D:10     | Reached skill level 5 in Air Magic
 10450 | D:10     | Reached skill level 5 in Earth Magic
 10450 | D:10     | Reached skill level 5 in Poison Magic
 10912 | D:10     | Noticed a centaur warrior
 10924 | D:10     | Killed a centaur warrior
 11196 | D:10     | Found a staircase to the Lair.
 12005 | D:11     | Noticed a two-headed ogre
 12041 | D:11     | Noticed a cyclops
 12056 | D:11     | Killed a two-headed ogre
 12071 | D:11     | Killed a cyclops
 12512 | D:11     | Noticed a boulder beetle
 12521 | D:11     | Killed a boulder beetle
 12724 | D:11     | Noticed a cyclops
 12750 | D:11     | Killed a cyclops
 13339 | D:12     | Found a gate leading to a gauntlet.
 13365 | D:12     | Slain by a slime creature

Illustrated notes

Levels and vault maps discovered:
D:1:      dpeg_arrival_ratfight, layout_basic
D:2:      layout_loops_cross, cheibrodos_gnoll_hut
D:3:      layout_loops_ring, lemuel_crystal_altar,
          nicolae_wu_jian_immortal_techniques, chequers_serial_rivers_small_a
D:4:      minmay_recursive_quarters, layout_loops_ring,
          nicolae_gozag_conspicuous_consumption,
          gammafunk_temple_overflow_arena, grunt_decor_arrowhead, uniq_natasha
D:5:      layout_basic, mainiacjoe_overflow_six_doors_small, vehumet_statue,
          lightli_temple_of_fire, serial_shops, shop, nrook_campfire
D:6:      layout_loops_ring, uniq_crazy_yiuf_cottage, uniq_maggie, uniq_duvessa
D:7:      layout_loops_cross, old_standard_altar, mainiacjoe_overflow_brackets,
          worldfamousw_hep_ancestral_shrine, minmay_temple_entry_hall,
          serial_shops, nicolae_shop_real_fake_doors
D:8:      layout_gridville, kennysheep_orc_sif_temple, uniq_jeremiah, uniq_pikel
D:9:      layout_loops_ring, mainiacjoe_overflow_paths,
          nicolae_dithmenos_shadow_blocks, serial_shops, kennysheep_little_box,
          uniq_erica
D:10:     layout_long_grid, mainiacjoe_overflow_small_starburst,
          lair_entry_dummy
D:11:     layout_basic
D:12:     minmay_the_grid_3x3 [minmay_the_grid_odd_star, minmay_the_grid_eight,
          minmay_the_grid_tri_star, minmay_the_grid_zigzag_pyramid,
          minmay_the_grid_square_x, minmay_the_grid_spin_star,
          minmay_the_grid_armoury, minmay_the_grid_pillar_ring,
          minmay_the_grid_prize_four_corners], layout_grid_maze, david_orc_2,
          gauntlet_entry_generic, serial_shops, nicolae_shop_rolling_square,
          hangedman_abyss_or_decor_passed, uniq_kirke

Skill      XL: |  1  2  3  4  5  6  7  8  9 10 11 |
---------------+----------------------------------+-----
Invocations    | 1 2 3 4 5 6 7 |  7.4
Short Blades   | 1 2 3 4 5 6 |  6.8
Long Blades    | 1 2 3 4 5 6 |  6.8
Axes           | 1 2 3 4 5 6 |  6.8
Maces & Flails | 1 2 3 4 5 6 |  6.8
Polearms       | 1 2 3 4 5 6 |  6.8
Staves         | 1 2 3 4 5 6 |  6.8
Ranged Weapons | 1 2 3 4 5 6 |  6.8
Throwing       | 1 2 3 4 5 6 |  6.8
Armour         | 1 2 3 4 5 6 |  6.8
Stealth        | 1 2 3 4 5 6 |  6.8
Shields        | 1 2 3 4 5 6 |  6.8
Spellcasting   | 1 2 3 4 5 6 |  6.8
Evocations     | 1 2 3 4 5 6 |  6.8
Conjurations   | 1 2 3 4 5 |  5.6
Hexes          | 1 2 3 4 5 |  5.6
Summonings     | 1 2 3 4 5 |  5.6
Necromancy     | 1 2 3 4 5 |  5.6
Translocations | 1 2 3 4 5 |  5.6
Transmutations | 1 2 3 4 5 |  5.6
Fire Magic     | 1 2 3 4 5 |  5.6
Ice Magic      | 1 2 3 4 5 |  5.6
Air Magic      | 1 2 3 4 5 |  5.6
Earth Magic    | 1 2 3 4 5 |  5.6
Poison Magic   | 1 2 3 4 5 |  5.6
Fighting       | 3 4 5 6 7 |  7.3
Dodging        | 5 6 7 8 |  8.3
Unarmed Combat | 7 8 9 |  9.5
Shapeshifting  | 7 8 9 |  9.1

Action                     |  1- 3 |  4- 6 |  7- 9 | 10-12 || total
---------------------------+-------+-------+-------+-------++-------
  Melee: Unarmed           |    76 |   163 |   123 |    37 ||   399
         Bite              |     4 |    11 |     9 |     5 ||    29
         Punch             |     1 |     4 |     7 |     1 ||    13
   Fire: Shortbow          |       |       |   180 |   332 ||   512
  Throw: Dart              |       |       |     4 |     3 ||     7
   Cast: Magic Dart        |     2 |    11 |       |       ||    13
         Call Imp          |       |     1 |    16 |     7 ||    24
         Summon Small Mamm |       |     1 |    13 |     4 ||    18
         Summon Guardian G |       |       |       |    17 ||    17
         Call Canine Famil |       |       |       |    11 ||    11
  Evoke: Wand              |       |       |    13 |       ||    13
    Use: Scroll            |     1 |     5 |     4 |    10 ||    20
         Potion            |     1 |     1 |     1 |     4 ||     7
   Stab: Sleeping          |     1 |     2 |     1 |       ||     4
         Invisible         |       |       |     1 |       ||     1
         Distracted        |       |       |     3 |       ||     3
         Paralysed         |       |       |     2 |       ||     2
 Armour: Animal skin       |    33 |    18 |       |       ||    51
         Skin              |     6 |       |     5 |       ||    11
         Ring mail         |       |    54 |   102 |   112 ||   268
  Dodge: Dodged            |    48 |    95 |    58 |    89 ||   290

Table legend: (Time is in decaauts)
 A = Elapsed time spent in this place.
 B = Non-inter-level travel time spent in this place.
 C = Inter-level travel time spent in this place.
 D = Time resting spent in this place.
 E = Time spent auto-exploring this place.
 F = Levels seen in this place.
 G = Mean time per level.
                   A        B        C        D        E       F      G
               +--------+--------+--------+--------+--------+-----+--------+
         Total |  13264 |  12341 |    923 |   3192 |   6718 |  12 | 1105.3 |
       Dungeon |  13264 |  12341 |    923 |   3192 |   6718 |  12 | 1105.3 |
               +--------+--------+--------+--------+--------+-----+--------+

Top non-repeatable levels by time:
    D:11: 1479 daAuts
     D:9: 1472 daAuts
    D:10: 1454 daAuts
     D:6: 1372 daAuts
     D:5: 1324 daAuts
     D:4: 1300 daAuts
     D:8: 1147 daAuts
     D:7: 1142 daAuts
     D:2: 925 daAuts
     D:3: 832 daAuts
     D:1: 632 daAuts
    D:12: 181 daAuts
